 Dungeon Crawl Stone Soup version 0.29-a0-668-g12ee2bf84d (webtiles) character file.

Game seed: 2058239745715883396

5873 testman the Grappler (level 10, -7/90 HPs)
             Began as a Ghoul Monk on June 22, 2022.
             Was a High Priest of Okawaru.
             Mangled by a sixfirhy (9 damage)
             ... on level 1 of the Abyss on June 23, 2022.
             The game lasted 00:38:10 (12383 turns).

testman the Grappler (Ghoul Monk)                  Turns: 12383, Time: 00:38:10

Health: -7/90      AC: 12    Str: 18    XL:     10   Next: 81%
Magic:  11/15      EV: 14    Int:  7    God:    Okawaru [*****.]
Gold:   768        SH:  0    Dex: 11    Spells: 10/18 levels left

rFire   . . .      SeeInvis +     - Unarmed
rCold   + . .      Faith    +   (no shield)
rNeg    + + +      Spirit   .   k - +0 leather armour
rPois   ∞          Reflect  .   (no helmet)
rElec   .          Harm     .   O - scarf {repulsion}
rCorr   .          Rampage  .   C - +0 pair of gloves
Will    .....                   u - +2 pair of boots
Stlth   +++.......              r - amulet of faith
HPRegen 0.00/turn               N - ring of see invisible
MPRegen 0.14/turn               J - +4 ring of protection

@: swift (expiring), heroic, inhibited regen, repel missiles, quick
A: claws 1, cold resistance 1, negative energy resistance 3, inhibited
regeneration, torment resistance 2, devour on kill
a: Renounce Religion, Heroism, Finesse, Duel


You were on level 1 of the Abyss.
You worshipped Okawaru.
Okawaru was extremely pleased with you.
You visited 1 branch of the dungeon, and saw 10 of its levels.
You visited the Abyss 1 time.

You collected 768 gold pieces.

Inventory:

Missiles
 h - 7 poisoned darts (quivered)
 E - a boomerang
 P - a curare-tipped dart
 S - 4 silver javelins
 T - 2 javelins
Armour
 a - a +0 robe
 k - a +0 leather armour (worn)
 s - a +1 cloak of poison resistance
 u - a +2 pair of boots (worn)
 C - a +0 pair of gloves (worn)
 O - a scarf of repulsion (worn)
Magical Staves
 m - a staff of air
Jewellery
 c - an amulet of reflection
 r - an amulet of faith (around neck)
 w - a ring of protection from cold
 J - a +4 ring of protection (right hand)
 N - a ring of see invisible (left hand)
Wands
 x - a wand of polymorph (17)
 H - a wand of flame (12)
 L - a wand of iceblast (4)
Scrolls
 d - a scroll of teleportation
 e - 3 scrolls of vulnerability
 f - a scroll of amnesia {unknown}
 o - 2 scrolls of silence {unknown}
 t - 2 scrolls of torment {unknown}
 v - 3 scrolls of poison {unknown}
 y - a scroll of immolation {unknown}
 B - 2 scrolls of blinking {unknown}
 G - a scroll of magic mapping {unknown}
 I - a scroll of fog {unknown}
 K - a scroll of identify
 M - a scroll of fear {unknown}
Potions
 g - 2 potions of invisibility
 i - 3 potions of curing
 j - a potion of heal wounds {unknown}
 l - 2 potions of resistance
 n - 3 potions of brilliance
 p - 4 potions of lignification
 q - a potion of haste {unknown}
 z - a potion of flight {unknown}
 A - 2 potions of berserk rage {unknown}
 D - a potion of mutation {unknown}
 F - a potion of attraction {unknown}
 Q - a potion of magic {unknown}
 R - a potion of degeneration {unknown}


   Skills:
 + Level 8.4(13.4) Fighting
 - Level 2.6(7.6) Dodging
 - Level 2.1(7.1) Stealth
 + Level 8.5(13.5) Unarmed Combat
 + Level 4.6 Spellcasting
 + Level 4.9 Translocations
 + Level 5.2 Air Magic
 + Level 7.3 Invocations


You had 10 spell levels left.
You knew the following spells:

 Your Spells              Type           Power      Damage    Failure   Level
a - Swiftness             Air            8%         N/A       12%         3
b - Blink                 Tloc           16%        N/A       7%          2
c - Lesser Beckoning      Tloc           8%         N/A       14%         3

Your spell library contained the following spells:

 Spells                   Type           Power      Damage    Failure   Level
 Shock                    Conj/Air       20%        1d4       12%         1
 Poisonous Vapours        Pois/Air       10%        N/A       19%         2
 Freeze                   Ice            4%         1d3       34%         1
 Sting                    Tmut/Pois      4%         1d3       34%         1
 Airstrike                Air            4%         N/A       38%         4
 Dazzling Flash           Conj/Hex       2%         N/A       71%         3
 Frozen Ramparts          Ice            2%         1d2       71%         3
 Manifold Assault         Tloc           8%         N/A       77%         5
 Silence                  Hex/Air        2%         N/A       97%         5
 Hailstorm                Conj/Ice       1%         3d3       98%         4
 Olgreb's Toxic Radiance  Pois           1%         N/A       98%         4
 Agony                    Necr           1%         N/A       100%        5


Dungeon Overview and Level Annotations

Branches:
Dungeon (10/15)            Temple (0/1) D:5             Orc (0/2) D:10
   Lair: D:8-11

Altars:
Dithmenos
Kikubaaqudgha
Nemelex Xobeh
Okawaru
Qazlal
Sif Muna
Trog
Zin
Beogh

Shops:
D:7 :   D:8 (

Annotations:
D:8 exclusion: ice statue
D:10 Sonja


Innate Abilities, Weirdness & Mutations

You are immune to poison.
You have sharp fingernails.
Your flesh is cold resistant. (rC+)
You are immune to negative energy. (rN+++)
You do not regenerate when monsters are visible.
You are immune to unholy pain and torment.
You thrive by killing the living.


Message History

A sixfirhy comes into view.
You pummel the ancient zyme!!
The ancient zyme is heavily damaged.
The ancient zyme hits you. x2
You pummel the ancient zyme!!
You punch the ancient zyme, but do no damage.
The ancient zyme is almost destroyed.
The ancient zyme closely misses you. The ancient zyme hits you.
You punch the ancient zyme!
You destroy the ancient zyme!
Okawaru accepts your kill.
Okay, then.
The sixfirhy hits you!
* * * LOW HITPOINT WARNING * * *
The sixfirhy shocks you!
* * * LOW HITPOINT WARNING * * *
Casting: Blink (safe; 7% risk of failure)
Confirm with . or Enter, or press ? or * to list all spells.
You blink.
The sixfirhy closely misses you. The sixfirhy barely misses you.
A green very ugly thing comes into view.
Casting: Blink (safe; 7% risk of failure)
Confirm with . or Enter, or press ? or * to list all spells.
You feel quick. The sixfirhy barely misses you. The sixfirhy misses you.
The sixfirhy hits you but does no damage.
The sixfirhy closely misses you.
A tentacled monstrosity comes into view.
You feel stable enough to blink again.
A small abomination comes into view.
The sixfirhy barely misses you. x2
The sixfirhy closely misses you.
You start to feel a little slower.
A small abomination comes into view.
The sixfirhy hits you.
* * * LOW HITPOINT WARNING * * *
The sixfirhy shocks you!
* * * LOW HITPOINT WARNING * * *
The sixfirhy misses you. The sixfirhy closely misses you.
The sixfirhy misses you. The sixfirhy hits you!
You die...

. #. .# ## .#
#.###.# . . .....#.
## .. . ##..#
.###..#.. .
#..@###......... ..
#..3.....#..#... #
###.....#..#.....##.
#.#......# ........
#####....#... ..##
##x#..# #.....#
##.#####.###u#
#..Xu.##.#....
##.#..##.#. ##


You could see a tentacled monstrosity, a sixfirhy and a small abomination
(wandering).

Vanquished Creatures
  An ugly thing (D:10)
  An ancient zyme (Abyss:1)
  A hornet (D:7)
  A vampire (D:9)
  3 yaks (D:10)
  2 steam dragons
  2 water moccasins
  An acid dragon (D:9)
  2 orc warriors
  2 sky beasts (D:7)
  2 black bears
  2 ogres
  3 centaurs
  2 necrophages (D:6)
  3 kobold brigands
  5 bullfrogs (D:7)
  A gnoll sergeant (D:6)
  4 scorpions
  5 wights (D:7)
  4 killer bees
  9 howler monkeys
  A quasit (Abyss:1)
  4 hounds
  2 jellies (D:6)
  9 orc priests
  Crazy Yiuf (D:2)
  A gnoll shaman (D:5)
  6 iguanas
  9 orc wizards
  8 gnolls
  9 adders
  2 white imps
  2 ufetubi
  2 worms
  3 dart slugs
  31 orcs
  10 endoplasms
  2 giant cockroaches (D:4)
  10 goblins
  3 hobgoblins (D:1)
  2 quokkas (D:4)
  4 ball pythons
  9 bats
  5 frilled lizards
  18 kobolds
  4 rats
213 creatures vanquished.

Vanquished Creatures (others)
  An orc wizard (D:9)
  4 starspawn tentacles (Abyss:1)
5 creatures vanquished.

Grand Total: 218 creatures vanquished

Notes
Turn   | Place    | Note
-------+----------+-------------------------------------------
     0 | D:1      | testman the Ghoul Monk began the quest for the Orb.
     0 | D:1      | Reached XP level 1. HP: 19/19 MP: 0/0
   331 | D:1      | Reached XP level 2. HP: 17/26 MP: 1/1
   966 | D:1      | Reached XP level 3. HP: 33/33 MP: 2/2
  1094 | D:1      | Found a faded altar of an unknown god.
  1103 | D:1      | Prayed at the altar of an unknown god.
  1103 | D:1      | Became a worshipper of Warmaster Okawaru
  1103 | D:1      | Reached * piety under Okawaru
  1103 | D:1      | Reached ** piety under Okawaru
  1858 | D:2      | You fall into a shaft and drop 1 floor!
  1901 | D:3      | Reached skill level 1 in Invocations
  1901 | D:3      | Reached XP level 4. HP: 40/40 MP: 3/3
  1918 | D:3      | Found a faded altar of an unknown god.
  1918 | D:3      | Found a faded altar of an unknown god.
  1928 | D:3      | Found a stormy altar of Qazlal.
  1930 | D:3      | Found a sparkling altar of Nemelex Xobeh.
  2064 | D:3      | Reached *** piety under Okawaru
  2072 | D:3      | HP: 1/41 [orc priest/+0 dagger (2)]
  2074 | D:3      | Reached XP level 5. HP: 3/47 MP: 1/5
  2101 | D:3      | Learned a level 3 spell: Swiftness
  2949 | D:2      | Found a runed translucent door.
  2950 | D:2      | Noticed Crazy Yiuf
  2959 | D:2      | Killed Crazy Yiuf
  3139 | D:3      | Found a shadowy altar of Dithmenos.
  3430 | D:4      | Found an ancient bone altar of Kikubaaqudgha.
  3481 | D:4      | Found a bloodstained altar of Trog.
  3481 | D:4      | Noticed a black bear
  3497 | D:4      | Reached skill level 5 in Unarmed Combat
  3497 | D:4      | Reached skill level 1 in Air Magic
  3497 | D:4      | Reached XP level 6. HP: 53/55 MP: 4/6
  3500 | D:4      | Reached skill level 5 in Fighting
  3501 | D:4      | Killed a black bear
  3830 | D:4      | Reached XP level 7. HP: 61/61 MP: 8/8
  4038 | D:5      | Entered Level 5 of the Dungeon
  4313 | D:5      | Learned a level 2 spell: Blink
  4346 | D:5      | Reached **** piety under Okawaru
  4617 | D:5      | Found a staircase to the Ecumenical Temple.
  4749 | D:5      | Reached skill level 1 in Translocations
  5007 | D:5      | Reached skill level 1 in Spellcasting
  5007 | D:5      | Reached XP level 8. HP: 68/70 MP: 10/10
  5893 | D:5      | Reached ***** piety under Okawaru
  6549 | D:6      | Reached skill level 5 in Invocations
  6967 | D:6      | Reached XP level 9. HP: 76/78 MP: 11/11
  7666 | D:7      | Noticed a hornet
  7676 | D:7      | Killed a hornet
  8122 | D:7      | Received a gift from Okawaru
  8260 | D:7      | Found Melac's Self-Improvement Boutique.
  8419 | D:7      | Reached XP level 10. HP: 83/88 MP: 14/14
  8635 | D:8      | Noticed an ice statue
  8799 | D:8      | Found Saolysu's Weapon Shoppe.
  9514 | D:9      | Learned a level 3 spell: Lesser Beckoning
 10156 | D:9      | Found a shimmering blue altar of Sif Muna.
 10426 | D:10     | Entered Level 10 of the Dungeon
 10787 | D:10     | Noticed Sonja
 10814 | D:9      | Upgraded the game from 0.29-a0-664-gff9cad4a3d to
                  | 0.29-a0-668-g12ee2bf84d
 11150 | D:10     | Noticed a cyan ugly thing
 11292 | D:10     | Killed a cyan ugly thing
 11292 | D:10     | Received a gift from Okawaru
 11293 | D:10     | Reached skill level 5 in Air Magic
 11315 | D:10     | Found a staircase to the Orcish Mines.
 11808 | D:10     | Cast into level 1 of the Abyss (Sonja)
 11865 | Abyss:1  | Noticed a tentacled starspawn
 11871 | Abyss:1  | Noticed an orange demon
 11909 | Abyss:1  | Noticed a thrashing horror
 11914 | Abyss:1  | Noticed a tentacled starspawn
 11966 | Abyss:1  | Noticed a worldbinder
 11973 | Abyss:1  | Noticed a merfolk aquamancer
 11974 | Abyss:1  | Noticed a merfolk aquamancer
 11977 | Abyss:1  | Noticed a manticore
 11985 | Abyss:1  | Noticed a manticore
 12156 | Abyss:1  | Noticed a wretched star
 12167 | Abyss:1  | Noticed an ancient lich
 12169 | Abyss:1  | Noticed a worldbinder
 12175 | Abyss:1  | Noticed a black mamba
 12175 | Abyss:1  | Noticed a mana viper
 12299 | Abyss:1  | Noticed a starcursed mass
 12304 | Abyss:1  | Noticed an apocalypse crab
 12358 | Abyss:1  | Noticed a sixfirhy
 12364 | Abyss:1  | Noticed a green very ugly thing
 12369 | Abyss:1  | Noticed a tentacled monstrosity
 12377 | Abyss:1  | HP: 2/90 [sixfirhy (9)]
 12383 | Abyss:1  | Mangled by a sixfirhy

Illustrated notes

Levels and vault maps discovered:
D:1:      lemuel_arrival_cross, layout_loops_corners,
          nicolae_ecumenical_snake_handling
D:2:      layout_basic, uniq_crazy_yiuf_cottage
D:3:      layout_loops_ring, chequers_temple_overflow_minitemple,
          nicolae_dithmenos_shadow_blocks, serial_park_tiny_1,
          kennysheep_orc_chapel
D:4:      layout_basic, kennysheep_mini_moat, minmay_stone_trees_small,
          minmay_ruined_shrine
D:5:      layout_loops_corners, minmay_temple_entry_mini_moons,
          minmay_misc_feat_rugged
D:6:      layout_cave_pools
D:7:      minmay_razor_zed, layout_loops_cross, nicolae_shop_self_help
D:8:      cheibrodos_frozen_isle, layout_rooms, serial_shops,
          kennysheep_little_box
D:9:      layout_irregular_city, tgw_sif
D:10:     layout_basic, david_orc_2, uniq_sonja
Abyss:1:  base: D:2, hangedman_abyss_stitches_cave,
          hangedman_abyss_stitches_cave

Skill      XL: |  1  2  3  4  5  6  7  8  9 10 |
---------------+-------------------------------+-----
Fighting       | 4 5 6 7 8 |  8.4
Unarmed Combat | 4 5 6 7 8 |  8.5
Invocations    | 1 2 3 4 5 6 7 |  7.3
Air Magic      | 1 2 3 4 5 |  5.2
Translocations | 1 2 3 4 |  4.9
Spellcasting   | 1 2 3 4 |  4.6
Dodging        | |  2.6
Stealth        | |  2.1

Action                   |  1- 3 |  4- 6 |  7- 9 | 10-12 || total
-------------------------+-------+-------+-------+-------++-------
Melee: Unarmed           |   118 |   117 |   359 |   312 ||   906
       Punch             |     1 |       |    14 |    21 ||    36
Throw: Boomerang         |       |       |     1 |       ||     1
       Dart              |       |       |       |     1 ||     1
       Javelin           |       |       |       |     1 ||     1
 Cast: Blink             |       |       |       |     5 ||     5
       Swiftness         |       |       |       |     1 ||     1
Invok: Heroism           |       |     5 |     4 |     7 ||    16
  Use: Scroll            |       |       |     5 |     4 ||     9
       Potion            |       |       |     1 |     2 ||     3
 Stab: Sleeping          |     9 |     4 |     1 |     1 ||    15
       Distracted        |       |       |     1 |       ||     1
Armor: Robe              |    19 |       |       |       ||    19
       Leather armour    |       |    21 |   108 |   152 ||   281
Dodge: Dodged            |    65 |    46 |   217 |   285 ||   613
       Repelled          |       |       |       |     3 ||     3

Table legend: (Time is in decaauts)
 A = Elapsed time spent in this place.
 B = Non-inter-level travel time spent in this place.
 C = Inter-level travel time spent in this place.
 D = Time resting spent in this place.
 E = Time spent auto-exploring this place.
 F = Levels seen in this place.
 G = Mean time per level.
                   A        B        C        D        E       F      G
               +--------+--------+--------+--------+--------+-----+--------+
         Total |  12268 |  11719 |    549 |   1190 |   8155 |  11 | 1115.3 |
       Dungeon |  11699 |  11150 |    549 |   1049 |   8097 |  10 | 1169.9 |
         Abyss |    569 |    569 |      0 |    141 |     58 |   1 |  569.0 |
               +--------+--------+--------+--------+--------+-----+--------+

Top non-repeatable levels by time:
     D:5: 1899 daAuts
     D:9: 1770 daAuts
     D:7: 1452 daAuts
     D:1: 1423 daAuts
     D:6: 1151 daAuts
     D:3: 1044 daAuts
     D:2: 943 daAuts
    D:10: 728 daAuts
     D:8: 681 daAuts
     D:4: 604 daAuts
 Abyss:1: 569 daAuts
